[Event "*** Titled Tuesday 3|2 Blitz"]
[Site "Chess.com"]
[Date "2016.06.07"]
[Round "6"]
[White "kikydu96"]
[Black "Wolverine_master"]
[Result "1-0"]
[WhiteElo "2342"]
[BlackElo "2089"]
[TimeControl "180+2"]
[EndTime "12:15:15 PDT"]
[Termination "kikydu96 won by resignation"]

1. e4 e5 2. Nf3 Nc6 3. d4 exd4 4.
Nxd4 Bc5 5. Be3 Qf6 6. Nb5 Bxe3 7. fxe3 Qd8 8. Qg4 g6 9. Qg3 d6 10. N1c3 a6 11. Nd4 Nge7 12. O-O-O b5 13. Be2 b4 14.
Nd5 Nxd5 15. Nxc6 Nc3 16. bxc3 Qd7 17. Nxb4 Qa4 18. e5 O-O 19. Rhf1 Be6 20. exd6 a5 21.
Nd3 cxd6 22. Qxd6 Rac8 23. Kd2 Qxa2 24. Ra1 Qc4 25. Qa3 Rfd8 26. Qxa5 Rd5 27. Qb4 Qc7 28. Bf3 Rdd8 29. Ra3 Bc4 30. Rfa1 Bxd3 31. cxd3 Qxh2 32.
Ra7 Qg3 33. Ke2 Qe5 34. Qe7 Qxe7 35. Rxe7 Rxc3 36. d4 Rc2+ 37. Kd3 Kf8 38. Raa7 1-0

[Event "*** Titled Tuesday 3|2 Blitz"]
[Site "Chess.com"]
[Date "2016.06.07"]
[Round "6"]
[White "Keaton87"]
[Black "biostatistician"]
[Result "1-0"]
[WhiteElo "2481"]
[BlackElo "2301"]
[TimeControl "180+2"]
[EndTime "12:15:16 PDT"]
[Termination "Keaton87 won by resignation"]

1. e4 e6 2. d4 d5 3. Nd2 Nc6 4. Ngf3 Nf6 5. e5 Ne4 6. Bd3 Nxd2 7. Bxd2 Nb4 8. Bxb4 Bxb4+ 9. c3 Be7 10. O-O c5 11. dxc5 Bxc5 12. b4 Be7 13. Nd4 Bd7 14. f4 O-O 15. Qd2 a5 16. a3 Qb6 17. Kh1 f6 18.
exf6 Bxf6 19. Nf3 axb4 20. axb4 Rxa1 21. Rxa1 Rc8 22. Ne5 Bxe5 23. fxe5 Qc7 24. Qf4 Be8 25. Rf1 Bg6 26. Bxg6 hxg6 27. Rf3 Qe7 28. h4 Rf8 29.
Qxf8+ Qxf8 30. Rxf8+ Kxf8 31. Kh2 Ke7 32. Kg3 Kd7 33.
Kg4 Kc6 34. Kg5 Kb5 35. Kxg6 Kc4 36. Kxg7 Kxc3 37. h5 d4 38. h6 d3 39. h7 d2 40.
h8=Q d1=Q 41. Qc8+ Kxb4 42. Qxb7+ Kc5 43. Qc7+ Kb5 44.
Qb7+ Kc5 45. Qc8+ Kb5 46. Qxe6 Qh5 47. g4 Qg5+ 48. Kf7 Kc5 49. Qf5 Qh6 50. e6+ Kd6 51. e7 Qc1 52. e8=Q Qc4+ 53. Qee6+ 1-0

[Event "*** Titled Tuesday 3|2 Blitz"]
[Site "Chess.com"]
[Date "2016.06.07"]
[Round "6"]
[White "HansCoolNiemann"]
[Black "aspired"]
[Result "1-0"]
[WhiteElo "2325"]
[BlackElo "2492"]
[TimeControl "180+2"]
[EndTime "12:15:20 PDT"]
[Termination "HansCoolNiemann won by resignation"]

1. d4 e6 2. c4 f5 3. Nc3 Nf6 4. e4 fxe4 5. f3 Bb4 6. Bg5 d5 7. fxe4 dxe4 8. Ne2 Nc6 9. a3 Bxc3+ 10. bxc3 O-O 11. Ng3 h6 12. Be3 b6 13. Be2 Ba6 14. O-O Na5 15. Qa4 Qe8 16. Qb4 Qc6 17. d5 exd5 18. Nf5 Kh7 19. cxd5 Nxd5 20. Qxe4 Qg6 21.
Bxa6 Nxe3 22. Qxe3 Kh8 23. Ne7 Qd6 24. Bd3 Rfe8 25.
Rae1 Nc6 26. Ng6+ Qxg6 27. Bxg6 Rxe3 28. Rxe3 1-0

[Event "*** Titled Tuesday 3|2 Blitz"]
[Site "Chess.com"]
[Date "2016.06.07"]
[Round "6"]
[White "VMikhalevski"]
[Black "Bentery"]
[Result "1/2-1/2"]
[WhiteElo "2424"]
[BlackElo "2429"]
[TimeControl "180+2"]
[EndTime "12:15:20 PDT"]
[Termination "Game drawn by repetition"]

1. Nf3 d5 2. g3 Nf6 3. Bg2 c6 4. O-O Bf5 5. d3 e6 6. Nbd2 h6 7. c4 Nbd7 8. Qb3 Rb8 9. Nd4 Bh7 10. cxd5 exd5 11. N2f3 Bd6 12. Nh4 O-O 13. Ndf5 Be5 14. Qc2 Re8 15. e4 dxe4 16. dxe4 Qb6 17. Be3 Qxb2 18. Qxb2 Bxb2 19. Rab1 Ba3 20. Bxa7 Ra8 21. Rxb7 Bc5 22. Bxc5 Nxc5 23. Rc7 Ncxe4 24. Ra1 Ra6 25.
Ne7+ Kf8 26. Nxc6 Nd5 27. Rd7 Ndf6 28. Rc7 Nd5 29. Rd7 Ndf6 30. Rc7 Nd5 1/2-1/2

[Event "*** Titled Tuesday 3|2 Blitz"]
[Site "Chess.com"]
[Date "2016.06.07"]
[Round "6"]
[White "Aguiar94"]
[Black "Newlight1"]
[Result "1-0"]
[WhiteElo "2336"]
[BlackElo "2166"]
[TimeControl "180+2"]
[EndTime "12:15:26 PDT"]
[Termination "Aguiar94 won by resignation"]

1. e4 c5 2. Nf3 d6 3. d4 cxd4 4. Nxd4 Nf6 5. Nc3 a6 6. h3 g6 7. Be3 Bg7 8. Qd2 Bd7 9. O-O-O Nc6 10. f4 Rc8 11. g4 Na5 12. f5 b5 13. g5 b4 14. Nd5 Nxe4 15. Qxb4 Ng3 16. f6 exf6 17. gxf6 Bxf6 18. Qxd6 Ne4 19. Nxf6+ Qxf6 20. Qxf6 Nxf6 21.
Bh6 Rg8 22. Re1+ Kd8 23. Bg5 Kc7 24. Bxf6 Kb7 25. Re7 Rc7 26. Be5 Nc6 27. Bg2 Re8 28. Nxc6 Bxc6 29. Rxc7+ 1-0

[Event "*** Titled Tuesday 3|2 Blitz"]
[Site "Chess.com"]
[Date "2016.06.07"]
[Round "6"]
[White "Ksenia_Legenko"]
[Black "Rating-Schmating"]
[Result "1-0"]
[WhiteElo "2033"]
[BlackElo "2179"]
[TimeControl "180+2"]
[EndTime "12:15:33 PDT"]
[Termination "Ksenia_Legenko won by checkmate"]

1. d4 e6 2. c4 Nf6 3. g3 b6 4. Bg2 c6 5. Nf3 Bb7 6. O-O Be7 7. Nc3 d6 8. e4 Qc7 9. d5 cxd5 10. cxd5 exd5 11. exd5 O-O 12. Bf4 a6 13. Rc1 Qd8 14. Re1 Nbd7 15. Nd4 Rc8 16. Nf5 Re8 17. Bxd6 Bxd6 18.
Nxd6 Rxe1+ 19. Qxe1 Nc5 20. Nxc8 Nd3 21. Qe7 Qxc8 22. Rb1 b5 23. Qe3 Nb4 24. Rd1 Qd7 25. Qc5 Nc2 26. Rd2 b4 27. Rxc2 bxc3 28. Rxc3 h6 29.
Rd3 Qf5 30. Rd1 Qe5 31. Qc3 Qe2 32. Qd3 Qe8 33. d6 Bxg2 34. Kxg2 Qc6+ 35. Qf3 Qd7 36.
Qa8+ Kh7 37. Qxa6 Ne4 38. Re1 Nxd6 39. Rd1 Qe6 40. Qxd6 Qe4+ 41. Kg1 f5 42. Qd3 Qe5 43. b4 Kg6 44. b5 Kg5 45. f4+ Kg4 46. fxe5 Kh3 47. g4+ Kh4 48. Qg3+ Kg5 49. h4+ Kg6 50. Rd6+ Kh7 51. gxf5 g5 52. Qc3 Kg7 53. Qc7+ Kf8 54. Rd8# 1-0

[Event "*** Titled Tuesday 3|2 Blitz"]
[Site "Chess.com"]
[Date "2016.06.07"]
[Round "6"]
[White "Zhani-Z"]
[Black "SabinaFoisor"]
[Result "1-0"]
[WhiteElo "2229"]
[BlackElo "2190"]
[TimeControl "180+2"]
[EndTime "12:15:34 PDT"]
[Termination "Zhani-Z won by resignation"]

1. e4 e5 2. Nf3 Nc6 3. Bc4 Bc5 4. c3 Nf6 5. d3 O-O 6. Bb3 h6 7. O-O Re8 8. Re1 Bf8 9. Nbd2 a5 10. a4 d5 11. h3 Be6 12. exd5 Bxd5 13. Nc4 e4 14. dxe4 Bxe4 15. Bf4 Qxd1 16. Raxd1 Nd5 17. Bg3 Rad8 18. Nd4 Nxd4 19. Rxd4 f5 20. f3 Bc5 21. fxe4 Rxe4 22.
Rxe4 fxe4 23. Nxa5 Bxd4+ 24. cxd4 Kh8 25. Nxb7 Rd7 26.
Nc5 Rd8 27. Nxe4 c6 28. Nd6 Rd7 29. a5 Ra7 30. Be1 g6 31. Bxd5 cxd5 32. b4 Kg7 33. b5 Re7 34. Kf2 Kf6 35. b6 Ke6 36. b7 Kxd6 37.
b8=Q+ Ke6 38. Qe5+ Kf7 39. Qxd5+ 1-0

[Event "*** Titled Tuesday 3|2 Blitz"]
[Site "Chess.com"]
[Date "2016.06.07"]
[Round "6"]
[White "INbetweenMOVE"]
[Black "Philofive"]
[Result "1-0"]
[WhiteElo "2338"]
[BlackElo "2335"]
[TimeControl "180+2"]
[EndTime "12:15:49 PDT"]
[Termination "INbetweenMOVE won by resignation"]

1. d4 Nf6 2. Bg5 c5 3. d5 Ne4 4.
h4 Qb6 5. Nd2 Nxd2 6. Bxd2 Qxb2 7. Nf3 d6 8. Rb1 Qa3 9. e4 Nd7 10. Bb5 a6 11. Bxd7+ Kxd7 12. Ng5 Qa4 13. O-O f6 14.
Ne6 Qxe4 15. Ba5 b5 16. Re1 Qxh4 17. Qe2 f5 18. Nc7 Qf6 19. Nxa8 Bb7 20. Nb6+ Ke8 21. Qe6 Qxe6 22. dxe6 g6 23. Bc3 Rg8 24. Nd7 Bh6 25.
a4 b4 26. Bxb4 cxb4 27. Rxb4 Bc8 28. Rb8 Kd8 29. Reb1 Kc7 30. Ra8 Bxd7 31. Rxg8 Bxe6 32. Ra8 Bg5 33. Rxa6 Bc4 34. Ra7+ Kc6 35. a5 d5 36. a6 d4 37. Ra8 1-0

[Event "*** Titled Tuesday 3|2 Blitz"]
[Site "Chess.com"]
[Date "2016.06.07"]
[Round "6"]
[White "Abrito99"]
[Black "yopino"]
[Result "1-0"]
[WhiteElo "2397"]
[BlackElo "2230"]
[TimeControl "180+2"]
[EndTime "12:15:56 PDT"]
[Termination "Abrito99 won by resignation"]

1. e4 c5 2. d4 cxd4 3. c3 g6 4. Nf3 Bg7 5. cxd4 d5 6. e5 Bg4 7.
Bb5+ Nc6 8. Nc3 Nh6 9. h3 Bxf3 10. Qxf3 Nf5 11. Be3 O-O 12. Bxc6 bxc6 13. O-O c5 14. dxc5 d4 15. Rad1 Bxe5 16. Qe4 Qb8 17. Nd5 dxe3 18. g4 exf2+ 19. Rxf2 Nh4 20. Nxe7+ Kh8 21. Nc6 Bh2+ 22.
Rxh2 Qg3+ 23. Kh1 Rae8 24. Qd4+ f6 25. Qf2 Qxf2 26. Rxf2 Rc8 27. Rd6 f5 28. b4 fxg4 29.
Rxf8+ Rxf8 30. hxg4 Rf2 31. Kg1 Rxa2 32. Ne5 Ra3 33.
c6 1-0

[Event "*** Titled Tuesday 3|2 Blitz"]
[Site "Chess.com"]
[Date "2016.06.07"]
[Round "6"]
[White "ItalianMachine"]
[Black "Boryboy"]
[Result "0-1"]
[WhiteElo "2333"]
[BlackElo "2543"]
[TimeControl "180+2"]
[EndTime "12:15:58 PDT"]
[Termination "Boryboy won by resignation"]

1. e4 e6 2. d4 d5 3. Nd2 Be7 4. e5 c5 5. c3 Nc6 6. Bb5 Qb6 7.
Bxc6+ bxc6 8. Ne2 Ba6 9. O-O Nh6 10. Nf3 Nf5 11. Re1 cxd4 12. Nexd4 Nxd4 13. Nxd4 O-O 14. Qg4 Bd3 15. Re3 Bg6 16. h4 h5 17. Qh3 c5 18.
Ne2 d4 19. cxd4 cxd4 20. Rg3 Bf5 21. Qh2 Rfd8 22. Nf4 Qa5 23. Kf1 Qxe5 24. Bd2 Bh7 25.
Re1 Qb5+ 26. Kg1 Bf6 27. b3 Qf5 28. Rf3 Qc2 29. Bc1 d3 30. Nxh5 d2 31. Bxd2 Qxd2 32. Nxf6+ gxf6 33. Qg3+ Kh8 34. Ree3 Qd1+ 35. Kh2 Qd6 36.
Rf4 Rg8 37. Qf3 Rac8 38. g3 f5 39. Qh5 Rc7 40. Qh6 Qd8 41. Qh5 Rg6 42. g4 Qd6 0-1

[Event "*** Titled Tuesday 3|2 Blitz"]
[Site "Chess.com"]
[Date "2016.06.07"]
[Round "6"]
[White "GeorgMeier"]
[Black "Keranke"]
[Result "1-0"]
[WhiteElo "2715"]
[BlackElo "2571"]
[TimeControl "180+2"]
[EndTime "12:16:00 PDT"]
[Termination "GeorgMeier won by resignation"]

1. Nf3 g6 2. d4 Bg7 3. g3 Nf6 4. Bg2 O-O 5. O-O d5 6. c4 dxc4 7. Na3 Be6 8. Ng5 Bd5 9. e4 h6 10. exd5 hxg5 11. Bxg5 Nxd5 12. Nxc4 Nc6 13. Ne3 Nxe3 14.
fxe3 Qd6 15. Rc1 e5 16. d5 Nb4 17. e4 Nxa2 18. Rc4 Nb4 19. Be3 b6 20. Qd2 a5 21.
Rfc1 Ra7 22. h4 Rd8 23. Qe2 Rb7 24. Kh2 f5 25. Bd2 Ra7 26. Bxb4 axb4 27. Rc6 Qe7 28.
Rxg6 f4 29. Bh3 Rd6 30. Be6+ Kf8 31. Qg4 Ra2 32. Rc2 b3 33. Rf2 Rxe6 34. dxe6 Qc5 35. Qf5+ 1-0

[Event "*** Titled Tuesday 3|2 Blitz"]
[Site "Chess.com"]
[Date "2016.06.07"]
[Round "6"]
[White "Blitzstream"]
[Black "Semetey"]
[Result "0-1"]
[WhiteElo "2503"]
[BlackElo "2467"]
[TimeControl "180+2"]
[EndTime "12:16:01 PDT"]
[Termination "Semetey won by checkmate"]

1. d4 Nf6 2. Bg5 d5 3. Bxf6 exf6 4. e3 f5 5. c4 c6 6. Nc3 dxc4 7. Bxc4 Bd6 8. Nf3 O-O 9. O-O Nd7 10. Re1 Nf6 11.
Qc2 Qe7 12. Rab1 Bd7 13. a3 Ne4 14. g3 Rfe8 15. Nd2 h5 16. Bf1 h4 17. Bg2 hxg3 18.
hxg3 Nf6 19. b4 g6 20. b5 Bxa3 21. bxc6 Bxc6 22. d5 Bd7 23. Rxb7 Rac8 24. Qb3 a5 25. Nb5 Bb4 26. Rd1 Qc5 27. Na7 Ra8 28. Nc6 Bc8 29. Rc7 Qd6 30. Rxc8 Raxc8 31. Nc4 Qc5 32.
N4e5 Qd6 33. f4 Nd7 34. Bf3 Nxe5 35. fxe5 Rxe5 36. Nxe5 Qxe5 37. Kg2 Bd6 38. e4 Qxg3+ 39. Kf1 fxe4 40. Qb7 Qxf3+ 41. Ke1 Bb4+ 42. Rd2 Rc1# 0-1

[Event "*** Titled Tuesday 3|2 Blitz"]
[Site "Chess.com"]
[Date "2016.06.07"]
[Round "6"]
[White "viktorskliarov"]
[Black "ChessMavenYeti"]
[Result "1/2-1/2"]
[WhiteElo "2347"]
[BlackElo "2145"]
[TimeControl "180+2"]
[EndTime "12:16:08 PDT"]
[Termination "Game drawn by agreement"]

1. e4 d6 2. d4 Nf6 3. Nc3 e5 4.
Nge2 Be7 5. f3 O-O 6. Be3 c6 7. Qd2 b5 8. g4 Qa5 9. Ng3 Rd8 10. Nf5 Bxf5 11. gxf5 b4 12. Ne2 Nbd7 13. Bg2 Nb6 14.
b3 Nfd7 15. O-O Bf6 16. a4 exd4 17. Bxd4 Bxd4+ 18. Nxd4 Qc5 19. Kh1 d5 20. a5 Nc8 21.
Rad1 dxe4 22. Ne6 fxe6 23. fxe6 e3 24. Qd3 e2 25. Qxe2 Qe7 26. Rxd7 Rxd7 27. exd7 Qxd7 28.
Qc4+ Kh8 29. Qxb4 Ne7 30. Re1 Nd5 31. Qe4 h6 32. c4 Nf6 33. Qe7 Qd2 34. Qe3 Qxa5 35.
Rd1 Re8 36. Qf2 Qc3 37. Qxa7 Qxb3 38. Rc1 Qe3 39. Qxe3 Rxe3 40. f4 c5 41. Rb1 Rc3 42. Bf1 Nh5 43. Rb5 Rc1 44. Kg1 Nxf4 45. Rxc5 Kg8 46.
Kf2 Rc2+ 47. Kf3 Ne6 48. Rc8+ Kf7 49. Bd3 Rxh2 50. c5 Rd2 51. Ke3 Rd1 52. c6 Rc1 53.
Kd2 Rc5 54. Bc2 Nd4 55. Be4 Kf6 1/2-1/2

[Event "*** Titled Tuesday 3|2 Blitz"]
[Site "Chess.com"]
[Date "2016.06.07"]
[Round "6"]
[White "DrHolmes13"]
[Black "jcibarra"]
[Result "1-0"]
[WhiteElo "2387"]
[BlackElo "2635"]
[TimeControl "180+2"]
[EndTime "12:16:11 PDT"]
[Termination "DrHolmes13 won by checkmate"]

1. Nf3 Nf6 2. c4 g6 3. Nc3 Bg7 4. e4 d6 5. d4 O-O 6. Be2 e5 7. O-O Nc6 8. d5 Ne7 9. Ne1 c5 10. Nd3 Ne8 11. b4 cxb4 12. Nxb4 f5 13. Nd3 b6 14. a4 fxe4 15. Nxe4 Ba6 16. Nb4 Bb7 17. Bg5 Nf6 18. Bxf6 Bxf6 19. Bg4 Nf5 20. Qd3 Nd4 21. Nc2 Bg7 22. Nxd4 exd4 23. Be6+ Kh8 24. f4 Bc8 25. Ng5 Qf6 26. Bxc8 Raxc8 27. Rae1 Qf5 28. Re4 Rfe8 29.
Ne6 Rxc4 30. Rfe1 Qxd5 31. Nc7 Rxe4 32. Nxd5 Rxe1+ 33. Kf2 Rcc1 34. Qb5 d3 35. Qxd3 Rcd1 36. Qc4 Bd4+ 37. Kg3 Bc5 38. h3 Rd4 39. Qb3 Ra1 40.
Kh2 Ra3 41. Qb5 Rxd5 42. Qe8+ Kg7 43. Qe7+ Kh6 44. Qf8+ Kh5 45. g4+ Kh4 46. Qf6+ g5 47. Qh6# 1-0

[Event "*** Titled Tuesday 3|2 Blitz"]
[Site "Chess.com"]
[Date "2016.06.07"]
[Round "6"]
[White "Makalexa"]
[Black "underdogchss"]
[Result "1-0"]
[WhiteElo "2175"]
[BlackElo "2323"]
[TimeControl "180+2"]
[EndTime "12:16:16 PDT"]
[Termination "Makalexa won by resignation"]

1. e4 d6 2. d4 Nf6 3. Nc3 g6 4. Be3 c6 5. f3 Nbd7 6. Qd2 b5 7.
g4 Nb6 8. g5 Nh5 9. b3 Bg7 10.
Nce2 Qc7 11. O-O-O a5 12. Ng3 a4 13. Nxh5 gxh5 14.
d5 axb3 15. cxb3 cxd5+ 16. Kb1 Bd7 17. Rc1 Qb7 18. Bd4 Bxd4 19. Qxd4 e5 20. Qb4 Qa7 21. Rc2 Ke7 22. f4 Rhc8 23. Rf2 Qc7 24. Qe1 d4 25.
fxe5 dxe5 26. Nf3 Be6 27. Bd3 Nc4 28. Qb4+ Ke8 29. a4 bxa4 30. Bxc4 Bxc4 31. Qxc4 Qb7 32.
Qd5 Qxd5 33. exd5 Rc3 34. Nxe5 Rxb3+ 35. Ka2 Rab8 36. d6 Re3 37. d7+ Kf8 38. Rxf7+ Kg8 39. Rhf1 Re2+ 40. Ka1 Rxe5 41. Rf8+ Rxf8 42. Rxf8+ Kxf8 43. d8=Q+ Kf7 44. Qf6+ 1-0

[Event "*** Titled Tuesday 3|2 Blitz"]
[Site "Chess.com"]
[Date "2016.06.07"]
[Round "6"]
[White "OldweakGM"]
[Black "VSERGUEI"]
[Result "1-0"]
[WhiteElo "2609"]
[BlackElo "2494"]
[TimeControl "180+2"]
[EndTime "12:16:18 PDT"]
[Termination "OldweakGM won by checkmate"]

1. Nf3 d5 2. d4 Nf6 3. c4 c6 4. cxd5 cxd5 5. Nc3 Nc6 6. Bf4 Nh5 7. Bc1 Nf6 8. Bf4 Nh5 9. Be5 e6 10. e3 Be7 11.
Bd3 Bd7 12. Rc1 O-O 13. Bg3 Nxg3 14. hxg3 g6 15. O-O Rc8 16. Re1 Qa5 17. a3 Rfd8 18. Qe2 Be8 19. Rc2 a6 20. Rec1 b5 21. Nb1 Na7 22.
b4 Qb6 23. Qe1 Rxc2 24. Rxc2 Rc8 25. Nbd2 Rxc2 26. Bxc2 Nc8 27. Nb3 Nd6 28. Nc5 Nc4 29. Qc3 a5 30. Nd2 axb4 31. axb4 Qa7 32. Nxc4 bxc4 33.
e4 Bc6 34. e5 Qa2 35. f4 h5 36. Kf1 Kg7 37. Ke1 h4 38. g4 Bd8 39. Kd1 Be7 40.
Kc1 Qa8 41. Kb2 Qh8 42. f5 gxf5 43. gxf5 exf5 44. Qf3 Qb8 45. Kc3 Qa7 46. Qxf5 Qa3+ 47. Kd2 Qxb4+ 48. Ke2 Bxc5 49. Qf6+ Kf8 50. e6 Be8 51.
e7+ Kg8 52. Qg5+ Kh8 53. Qh6+ Kg8 54. Qh7# 1-0

[Event "*** Titled Tuesday 3|2 Blitz"]
[Site "Chess.com"]
[Date "2016.06.07"]
[Round "6"]
[White "Cruel_Yaro"]
[Black "howitzer14"]
[Result "0-1"]
[WhiteElo "2550"]
[BlackElo "2721"]
[TimeControl "180+2"]
[EndTime "12:16:34 PDT"]
[Termination "howitzer14 won by resignation"]

1. d4 Nf6 2. c4 e6 3. Nf3 b6 4.
g3 Bb4+ 5. Bd2 a5 6. Bg2 Bb7 7. O-O O-O 8. Nc3 d6 9. b3 Nbd7 10. a3 Bxc3 11. Bxc3 Ne4 12. Bb2 f5 13. d5 e5 14. Nd2 Nxd2 15. Qxd2 Nc5 16. Qc2 a4 17. b4 Nb3 18. Rad1 f4 19. Be4 h6 20. gxf4 Rxf4 21. f3 Bc8 22. e3 Rh4 23. Kh1 Qe7 24. Rg1 Bd7 25. Rg6 Be8 26. Rg3 Bh5 27. Rdg1 g5 28.
Bg6 Bxg6 29. Qxg6+ Qg7 30. Qe6+ Kf8 31. f4 Re8 32. Qf5+ Qf7 33. Qxf7+ Kxf7 34. fxg5 h5 35. Rf3+ Kg7 36. Rf4 Rh3 37. g6 Re7 38. e4 Nd2 39. Bc1 exf4 40. Bxd2 Rxe4 41. Rf1 Kxg6 42. Bxf4 Rxa3 43. c5 bxc5 44. bxc5 Rd3 45. cxd6 cxd6 46. Bxd6 Rxd5 47. Bf8 Rf5 48. Rg1+ Rg4 0-1

[Event "*** Titled Tuesday 3|2 Blitz"]
[Site "Chess.com"]
[Date "2016.06.07"]
[Round "6"]
[White "AndreyOstrovskiy"]
[Black "Indianlad"]
[Result "0-1"]
[WhiteElo "2437"]
[BlackElo "2534"]
[TimeControl "180+2"]
[EndTime "12:16:41 PDT"]
[Termination "Indianlad won by resignation"]

1. e4 c5 2. Nf3 d6 3. d4 cxd4 4. Nxd4 Nf6 5. Nc3 a6 6. h3 e5 7.
Nde2 h5 8. Bg5 Be6 9. Bxf6 Qxf6 10. Nd5 Qd8 11. Nec3 g6 12. Bc4 Bh6 13. O-O O-O 14.
Bb3 Nc6 15. Qd3 Nd4 16. Ne3 Nxb3 17. axb3 Qg5 18. Kh1 Rad8 19. Ncd5 Qh4 20. Nc4 f5 21. Rae1 f4 22. f3 Kh7 23. Qd2 g5 24. Qf2 Qg3 25.
Qxg3 fxg3 26. Nce3 Rf7 27. Rd1 Kg6 28. Rfe1 g4 29. fxg4 hxg4 30. Nxg4 Bxg4 31. hxg4 Rdf8 32. Kg1 Rf2 33. Ne7+ Kh7 34. Nf5 Bf4 35. Rxd6 Rxc2 36. Rd7+ Kg6 37. Red1 Rc1 38. Rxc1 Bxc1 39. Nxg3 Be3+ 40.
Kh2 Kg5 41. Rg7+ Kf4 42. Rxb7 Rh8+ 43. Nh5+ Kxg4 44. Rg7+ Kxh5 45. Kh3 Bd4 46. g4+ Kh6 47. Rd7 Rb8 48. Rd6+ Kg5 49. Rxa6 Rxb3+ 0-1

[Event "*** Titled Tuesday 3|2 Blitz"]
[Site "Chess.com"]
[Date "2016.06.07"]
[Round "6"]
[White "Journey_to_GrandMaster_YT"]
[Black "sandropozo"]
[Result "1-0"]
[WhiteElo "2363"]
[BlackElo "2421"]
[TimeControl "180+2"]
[EndTime "12:16:41 PDT"]
[Termination "Journey_to_GrandMaster_YT won on time"]

1. d4 e6 2. Nf3 Nf6 3. c4 Bb4+ 4.
Bd2 c5 5. e3 O-O 6. Bd3 b6 7. O-O Bb7 8. a3 Bxd2 9. Nbxd2 cxd4 10. exd4 d5 11. c5 bxc5 12. dxc5 Qe7 13. b4 e5 14. Re1 e4 15. Bf1 Ng4 16. h3 Nh6 17. Nd4 Qg5 18. b5 Bc8 19. Kh1 Nd7 20. c6 Ne5 21.
Re3 Qh4 22. Rg3 Bg4 23. Qb3 Rad8 24. Qe3 Rd6 25. Rc1 Rg6 26. c7 Bc8 27. Rxg6 fxg6 28.
Qg3 Qh5 29. Be2 Nhg4 30. Kg1 Qg5 31. Rc2 e3 32. fxe3 Qxe3+ 33. Qxe3 Nxe3 34. Rc5 Kf7 35. N2f3 Nd7 36. Rc3 Nb6 37. Rxe3 Bd7 38. Ne5+ Kf6 39. Nxd7+ Nxd7 40. Rf3+ Ke7 41. Rxf8 1-0

[Event "*** Titled Tuesday 3|2 Blitz"]
[Site "Chess.com"]
[Date "2016.06.07"]
[Round "6"]
[White "GianmarcoVaR"]
[Black "SCIM"]
[Result "0-1"]
[WhiteElo "2322"]
[BlackElo "2275"]
[TimeControl "180+2"]
[EndTime "12:16:47 PDT"]
[Termination "SCIM won by resignation"]

1. d4 Nf6 2. c4 g6 3. g3 c6 4. Bg2 d5 5. b3 Bg7 6. Nf3 O-O 7. O-O a5 8. Nc3 Bf5 9. Bb2 Ne4 10. Rc1 Nxc3 11. Bxc3 Be4 12. e3 a4 13. Qe2 Nd7 14.
Bh3 axb3 15. axb3 Ra3 16. Nd2 Bf5 17. Bxf5 gxf5 18. Ra1 Rxa1 19. Rxa1 Nf6 20. Ba5 Qd7 21. Bb4 Ne4 22. Ra7 Qc7 23. Nxe4 fxe4 24. Qa2 h5 25.
Qa5 Qd7 26. cxd5 cxd5 27. Ra8 h4 28. Rxf8+ Bxf8 29. Qa1 Qg4 30. Qf1 h3 31. f3 exf3 32. Kf2 Bh6 33. Qd1 Qe4 34. Bd2 Qd3 35. Kxf3 Bxe3 36.
Kg4 Bxd2 37. Kxh3 Qf5+ 38. Kg2 Qe4+ 39. Kh3 Bg5 40. Qh5 Qf5+ 41. Kg2 Qe4+ 42. Kh3 Qh7 43. Kg4 Qxh5+ 44. Kxh5 Be3 45. Kg4 Bxd4 0-1

[Event "*** Titled Tuesday 3|2 Blitz"]
[Site "Chess.com"]
[Date "2016.06.07"]
[Round "6"]
[White "TomsKantans"]
[Black "WanderingPuppet"]
[Result "1-0"]
[WhiteElo "2449"]
[BlackElo "2272"]
[TimeControl "180+2"]
[EndTime "12:16:48 PDT"]
[Termination "TomsKantans won on time"]

1. e4 c5 2. Nf3 d6 3. d4 cxd4 4. Nxd4 Nf6 5. Nc3 a6 6. Bg5 e6 7. f4 Bd7 8. Qf3 Nc6 9. O-O-O Qa5 10. Bxf6 gxf6 11. Nb3 Qc7 12. Kb1 O-O-O 13. g3 h5 14. Bg2 Kb8 15. Rhe1 Rc8 16. Ne2 Be7 17. c3 Na5 18.
Nxa5 Qxa5 19. Nd4 Bc6 20. Qe2 h4 21. g4 h3 22. Bh1 Qb6 23. Rd3 Bb5 24. Nxb5 Qxb5 25.
Rg1 Rc5 26. Rgg3 Rhc8 27. Qd1 a5 28. Rxh3 a4 29. a3 Rc4 30. Ka2 R8c6 31. Bg2 Rb6 32.
Rd2 Qc5 33. Rh7 d5 34. Rxf7 Rxb2+ 35. Kxb2 Qxa3+ 36. Kb1 Rxc3 37. Rb2 Rb3 38. Qe2 Bc5 39. Rxb3 1-0

[Event "*** Titled Tuesday 3|2 Blitz"]
[Site "Chess.com"]
[Date "2016.06.07"]
[Round "6"]
[White "AlexanderL"]
[Black "Dlugy"]
[Result "0-1"]
[WhiteElo "2585"]
[BlackElo "2604"]
[TimeControl "180+2"]
[EndTime "12:17:00 PDT"]
[Termination "Dlugy won by resignation"]

1. c4 g6 2. d4 Nf6 3. Nc3 d6 4. e4 Bg7 5. Nf3 O-O 6. Be2 e5 7.
O-O exd4 8. Nxd4 Re8 9. f3 c6 10. Bf4 Nh5 11. Be3 f5 12. Qd2 f4 13. Bf2 Be5 14.
Rfd1 a5 15. Rac1 Qf6 16. Na4 Nd7 17. c5 dxc5 18. Nxc5 Nxc5 19. Rxc5 Rd8 20. Qc3 Ng7 21. Qc4+ Kh8 22. Rxe5 Qxe5 23. Qc1 Be6 24. b3 Bf7 25. Nc2 Ne6 26. Ne1 Rxd1 27. Qxd1 Rd8 28. Qc1 Nd4 29.
Bf1 b5 30. Nd3 Qg5 31. Kh1 Kg8 32. Nxf4 Ne6 33. Be3 Qe5 34. Nd3 Qd6 35. h3 c5 36.
Nf2 Nd4 37. Ng4 h5 38. e5 Qe6 39. Nf6+ Kg7 40. Bh6+ Kh8 41. Bf8 Nf5 42. Bxc5 Qxe5 43. Ne4 Rc8 44. Bxb5 Bd5 45. Bc4 Bxe4 46. fxe4 Ng3+ 47.
Kg1 Kh7 48. Be3 Ne2+ 49. Bxe2 Rxc1+ 50. Bxc1 Qa1 0-1

[Event "*** Titled Tuesday 3|2 Blitz"]
[Site "Chess.com"]
[Date "2016.06.07"]
[Round "6"]
[White "dretch"]
[Black "vovkcoach"]
[Result "1-0"]
[WhiteElo "2598"]
[BlackElo "2501"]
[TimeControl "180+2"]
[EndTime "12:17:03 PDT"]
[Termination "dretch won by resignation"]

1. d4 Nf6 2. c4 e6 3. Nc3 Bb4 4. Qc2 O-O 5. e4 d6 6. a3 Bxc3+ 7. bxc3 e5 8. Bd3 Re8 9. Ne2 Nc6 10. O-O b6 11. f4 h6 12. fxe5 dxe5 13. d5 Na5 14. Ng3 Nb7 15. Bxh6 gxh6 16. Qd2 Ng4 17. h3 Qg5 18.
Qxg5+ hxg5 19. hxg4 Bxg4 20. Rf6 Nd6 21. Raf1 Re7 22.
R6f2 a5 23. Be2 Bxe2 24. Rxe2 Nxc4 25. Rf5 Nd6 26. Rxg5+ Kf8 27. Rf2 Rd8 28. Rf6 Ke8 29. Rg7 a4 30. Nf5 Nxe4 31. Rc6 Rxd5 32. Nxe7 Kxe7 33. Rxc7+ Kd6 34. Rgxf7 Nc5 35. Rh7 Rd3 36. Rcf7 Rxc3 37. Rf3 Rb3 38. Rh6+ Kd5 39. Rxb3 axb3 40. Rxb6 Kc4 41. g4 Nd3 42. g5 e4 43. g6 e3 44. Kf1 Nf4 45. g7 b2 46. g8=Q+ 1-0

[Event "*** Titled Tuesday 3|2 Blitz"]
[Site "Chess.com"]
[Date "2016.06.07"]
[Round "6"]
[White "Yaacovn"]
[Black "NewBornNow"]
[Result "0-1"]
[WhiteElo "2634"]
[BlackElo "2580"]
[TimeControl "180+2"]
[EndTime "12:17:27 PDT"]
[Termination "NewBornNow won on time"]

1. d4 Nf6 2. Nf3 e6 3. c4 b6 4.
g3 Bb7 5. Bg2 Be7 6. O-O O-O 7.
Nc3 Ne4 8. Bd2 Bf6 9. Qc2 Nxd2 10. Qxd2 d6 11. Qc2 c6 12. Rad1 Nd7 13. e4 Qc7 14.
Qd2 Rad8 15. Rfe1 a6 16. Rc1 Qb8 17. h4 b5 18. b3 e5 19. Red1 Rfe8 20. h5 h6 21. d5 bxc4 22. bxc4 Nc5 23. Qc2 Qc7 24.
Bh3 Rb8 25. Rb1 cxd5 26. Nxd5 Bxd5 27. cxd5 Rb5 28. Bf1 Rxb1 29. Rxb1 Rb8 30. Rb3 Rxb3 31. axb3 Qb6 32. Bc4 Qb4 33. Kg2 Bd8 34. Qe2 a5 35. Ne1 Nxb3 36. Bxb3 Qxb3 37. Qa6 Qb6 38. Qa8 Kh7 39.
Nf3 Bf6 40. Qe8 Qa7 41. Qa4 Qb6 42. Nd2 Bg5 43. Nf3 Qb4 44. Qd7 Qxe4 45. Qxd6 a4 46. Qc5 Bf6 47. d6 Qd3 48. Nxe5 Qf5 49. f4 Qe4+ 50.
Kf2 Qb1 51. d7 Qb2+ 52. Kf3 Qb7+ 53. Kg4 Qe4 54. Qd6 Qe2+ 0-1